 Dungeon Crawl Stone Soup version 0.13-a0-1553-g7307ddf (webtiles) character file.

146 Kae the Charmwright (level 3, 0/27 HPs)
             Began as a Demonspawn Skald on June 10, 2013.
             Succumbed to an adder's poison
             ... on Level 2 of the Dungeon.
             The game lasted 00:03:28 (1892 turns).

Kae the Charmwright (Demonspawn Skald)              Turns: 1892, Time: 00:03:28

HP   0/27        AC  3     Str 12      XL: 3   Next: 76%
MP   0/4         EV 11     Int 13      God:
Gold 88          SH  0     Dex 13      Spells:  2 memorised,  2 levels left

Res.Fire  : . . .   See Invis. : .   a - +1 mace
Res.Cold  : . . .   Warding    : .   b - +0 leather armour
Life Prot.: . . .   Conserve   : .   (no shield)
Res.Poison: .       Res.Corr.  : .   (helmet restricted)
Res.Elec. : .       Clarity    : .   (no cloak)
Sust.Abil.: . .     Spirit.Shd : .   (no gloves)
Res.Mut.  : .       Stasis     : .   (no boots)
Res.Rott. : .       Flight     : .   (no amulet)
Saprovore : . . .                    (no ring)
                                     (no ring)

@: mildly poisoned, not resistant to hostile enchantments, very unstealthy
A: antennae 1, talons 1
a: no special abilities


You were on level 2 of the Dungeon.
You were not hungry.

You visited 1 branch of the dungeon, and saw 2 of its levels.

You collected 68 gold pieces.

Inventory:

Hand weapons
 a - a +1,+1 mace (weapon)
Armour
 b - a +0 leather armour (worn)
Comestibles
 f - a bread ration
 k - a meat ration
 l - 2 rotting chunks of goblin flesh
 q - an apple
 r - a choko
Scrolls
 e - a scroll of curse jewellery {unknown}
 g - a scroll of identify {unknown}
 h - a scroll of amnesia {unknown}
 i - 2 scrolls of remove curse {unknown}
 j - a scroll of magic mapping {unknown}
 m - a scroll of noise {unknown}
 p - a scroll of teleportation {unknown}
Jewellery
 o - an uncursed ring of sustenance {unknown}
Potions
 d - a potion of berserk rage
 n - a potion of restore abilities
Books
 c - a book of War Chants

   Spells                             Type                      Level
   *Fire Brand                        Charms/Fire                  2
   Freezing Aura                      Charms/Ice                   2
   *Shroud of Golubria                Charms/Translocation         2
   Repel Missiles                     Charms/Air                   2
   Poison Weapon                      Charms/Poison                3
   Regeneration                       Charms/Necromancy            3


   Skills:
 + Level 2.2 Fighting
 + Level 2.1 Maces & Flails
 + Level 1.7 Armour
 + Level 1.6 Dodging
 - Level 0.1 Traps
 + Level 2.4 Spellcasting
 * Level 2.8 Charms


You had 2 spell levels left.
You knew the following spells:

 Your Spells              Type           Power        Failure   Level  Hunger
a - Fire Brand            Chrm/Fire      #.........   21%         2    ###....
b - Shroud of Golubria    Chrm/Tloc      #.........   21%         2    ###....


Dungeon Overview and Level Annotations

Branches:
Dungeon (2/27)

Altars:


Innate Abilities, Weirdness & Mutations

You have a pair of small antennae on your head.
You have sharp toenails.


Message History

You hit the adder. Your kick misses the adder.
The adder is moderately wounded.
The adder bites you. The gnoll barely misses you.
The gnoll hits you with a club.
* * * LOW HITPOINT WARNING * * *
Some of the chunks of flesh in your inventory have completely rotted away.
Unknown command.
You closely miss the adder. Your kick misses the adder.
The adder is moderately wounded.
The adder bites you.
* * * LOW HITPOINT WARNING * * *
You are more poisoned.
The adder poisons you! The adder closely misses you.
The gnoll splashes around in the water.
The gnoll hits you from afar with a halberd.
* * * LOW HITPOINT WARNING * * *
The gnoll closely misses you.
You hit the gnoll. You claw the gnoll.
The gnoll is severely wounded.
You die...

### ###
##≈≈##..#
#.≈≈@#..#
#.≈gS#..#
#.≈gg#..#
#.≈≈.#..#
#.≈≈.#..#
#.≈≈.#..#
#.≈≈.'..#
#.≈≈^##'#
#.≈≈.#..#


You could see 3 gnolls and an adder.

Vanquished Creatures
  2 adders (D:2)
  5 bats
  2 goblins (D:2)
  7 hobgoblins (D:1)
  9 jackals (D:1)
  A quokka (D:2)
  2 giant cockroaches
  A giant newt (D:1)
  2 kobolds
  3 rats (D:1)
34 creatures vanquished.

Notes
Turn   | Place    | Note
--------------------------------------------------------------
     0 | D:1      | Kae, the Demonspawn Skald, began the quest for the Orb.
     0 | D:1      | Reached XP level 1. HP: 16/16 MP: 1/1
    65 | D:1      | Reached skill level 1 in Armour
    83 | D:1      | Reached skill level 1 in Dodging
   306 | D:1      | Gained mutation: You have sharp toenails. [demonic ancestry]
   306 | D:1      | Reached XP level 2. HP: 15/22 MP: 3/3
   310 | D:1      | Learned a level 2 spell: Fire Brand
  1073 | D:1      | Gained mutation: You have a pair of small antennae on your head. [demonic ancestry]
  1073 | D:1      | Reached XP level 3. HP: 22/27 MP: 4/4
  1715 | D:2      | Learned a level 2 spell: Shroud of Golubria
  1891 | D:2      | HP: 1/27 [gnoll/halberd (4)]
  1892 | D:2      | Succumbed to an adder's poison

Action                   || total
-------------------------++-------
Melee: Mace              ||   105
 Cast: Fire Brand        ||     3
       Shroud of Golubri ||     1
  Use: Potion            ||     4
